 Dungeon Crawl Stone Soup version 0.30-a0-972-gf3ab3527aa (webtiles) character file.

Game seed: 4823646423447979365

70 vishdafish the Conjurer (level 4, 30/30 HPs)
             Began as a Demonspawn Conjurer on Mar 31, 2023.
             Quit the game on level 2 of the Dungeon.
             The game lasted 00:01:59 (1714 turns).

vishdafish the Conjurer (Demonspawn Conjurer)       Turns: 1714, Time: 00:02:00

Health: 30/30      AC:  5    Str:  8    XL:     4   Next: 3%
Magic:  7/8        EV: 17    Int: 21    God:
Gold:   95         SH:  0    Dex: 11    Spells: 8/9 levels left

rFire   . . .      SeeInvis .    b - +0 short sword
rCold   . . .      Faith    .    (no shield)
rNeg    . . .      Spirit   .    a - +0 robe
rPois   .          Reflect  .    (helmet restricted)
rElec   .          Rampage  .    (no cloak)
rCorr   .                        (no gloves)
Will    .....                    (no boots)
Stlth   ++                       (no amulet)
HPRegen 0.25/turn                e - +5 ring of evasion
MPRegen 0.11/turn                (no ring)

@: no status effects
A: horns 1, thin metallic scales 2
a: no special abilities


You were on level 2 of the Dungeon.
You visited 1 branch of the dungeon, and saw 2 of its levels.

You collected 95 gold pieces.

Inventory:

Hand Weapons
 b - a +0 short sword (weapon)
Armour
 a - a +0 robe (worn)
Jewellery
 e - a +5 ring of evasion (left hand)
Scrolls
 f - a scroll of teleportation {unknown}
 g - 4 scrolls of identify {unknown}
 h - a scroll of torment {unknown}
Potions
 c - 2 potions of attraction {unknown}
 d - 2 potions of curing {unknown}
 i - a potion of heal wounds {unknown}
 j - a potion of haste {unknown}
 k - a potion of degeneration {unknown}
 l - a potion of brilliance {unknown}


   Skills:
 - Level 1.7 Dodging
 - Level 1.7 Stealth
 + Level 3.2 Spellcasting
 + Level 4.8 Conjurations


You had 8 spell levels left.
You knew the following spells:

 Your Spells              Type           Power      Damage    Failure   Level
a - Magic Dart            Conj           92%        1d7       1%          1

Your spell library contained the following spells:

 Spells                   Type           Power      Damage    Failure   Level
 Searing Ray              Conj           46%        2d6       2%          2
 Dazzling Flash           Conj/Hex       26%        N/A       14%         3
 Fulminant Prism          Conj/Hex       6%         3d7       43%         4
 Iskenderun's Mystic Bla  Conj/Tloc      13%        2d5       43%         4


Dungeon Overview and Level Annotations

Branches:
Dungeon (2/15)

Altars:


Innate Abilities, Weirdness & Mutations

You have a pair of small horns on your head.
You are mostly covered in thin metallic scales. (AC +3)


Message History

Thin metallic scales spread over more of your body.
Things that are here:
a +0 club; a +0 sling A bat and a giant cockroach come into view.
The giant cockroach moves out of view.
A bat is nearby!
A bat is nearby!
A bat is nearby!
The magic dart hits the bat.
The bat is heavily wounded.
You can't see any susceptible monsters within range! (Use Z to cast anyway.)
You can't see any susceptible monsters within range! (Use Z to cast anyway.)
You can't see any susceptible monsters within range! (Use Z to cast anyway.)
You can't see any susceptible monsters within range! (Use Z to cast anyway.)
You can't see any susceptible monsters within range! (Use Z to cast anyway.)
You can't see any susceptible monsters within range! (Use Z to cast anyway.)
You can't see any susceptible monsters within range! (Use Z to cast anyway.)
You can't see any susceptible monsters within range! (Use Z to cast anyway.)
You can't see any susceptible monsters within range! (Use Z to cast anyway.) Key pressed, stopping explore.
A bat is nearby!
A bat is nearby!
A bat is nearby!
The magic dart hits the bat but does no damage.
The bat is heavily wounded.
The bat hits you.
The magic dart hits the bat.
You kill the bat!
You can't see any susceptible monsters within range! (Use Z to cast anyway.)
You can't see any susceptible monsters within range! (Use Z to cast anyway.)
Found a fizzy dark potion.
A bat is nearby!
A bat is nearby!
The magic dart hits the bat.
The bat is moderately wounded.
The bat misses you. The bat barely misses you.
You closely miss the bat.
The bat is moderately wounded.
The bat hits you but does no damage.
Are you sure you want to abandon this character and quit the game? (Confirm with "yes".)

#
###.####............##...
####
#........####..##.#.##.###
...# #.....##.#
#..##......w.# .#.#
#.###.##.# #..####.##.#.#
.#.# #. #.##.# #..##
#.##.#.# ...# #.###.##.#
#b.... ..##..#w ##.#
#.....##.##.....########.#
...# #........#......!
#..#
.########.....##@.......
#...#
...........###.+........
..... #######....
.#........ ###... # #....
.##....... ##.. # ##.## ##
#.....# ##. # #. #...## #
# #+## #


You could see a bat.

Vanquished Creatures
  3 adders (D:2)
  2 worms (D:2)
  4 endoplasms
  2 giant cockroaches
  2 goblins
  3 hobgoblins
  4 jackals
  A quokka (D:1)
  2 ball pythons (D:1)
  4 bats (D:2)
  5 kobolds (D:1)
  3 rats
35 creatures vanquished.

Notes
Turn   | Place    | Note
-------+----------+-------------------------------------------
     0 | D:1      | vishdafish the Demonspawn Conjurer began the quest for the
                  | Orb.
     0 | D:1      | Reached XP level 1. HP: 13/13 MP: 3/3
   303 | D:1      | Gained mutation: You are partially covered in thin metallic
                  | scales. (AC +2) [demonic ancestry]
   303 | D:1      | Reached XP level 2. HP: 19/19 MP: 0/5
  1145 | D:2      | Gained mutation: You have a pair of small horns on your
                  | head. [demonic ancestry]
  1145 | D:2      | Reached XP level 3. HP: 22/24 MP: 1/7
  1633 | D:2      | Gained mutation: You are mostly covered in thin metallic
                  | scales. (AC +3) [demonic ancestry]
  1633 | D:2      | Reached XP level 4. HP: 30/30 MP: 5/8
  1714 | D:2      | Quit the game

Illustrated notes

Levels and vault maps discovered:
D:1:      heliophobic_arrival_ceremonial_halls, layout_basic,
          minmay_pentomino_w4
D:2:      layout_loops_corners, small_statue_intersection,
          minmay_randomly_rotated_circles

Skill      XL: |  1  2  3 |
---------------+----------+-----
Spellcasting   | 3 |  3.2
Dodging        | |  1.7
Stealth        | |  1.7
Conjurations   | |  4.8

Action                     |  1- 3 |  4- 6 || total
---------------------------+-------+-------++-------
  Melee: Unarmed           |     5 |       ||     5
         Short sword       |   106 |     1 ||   107
         Headbutt          |    10 |       ||    10
   Cast: Magic Dart        |    45 |     4 ||    49
    Use: Potion            |     1 |       ||     1
   Stab: Sleeping          |     2 |       ||     2
 Armour: Robe              |    23 |     1 ||    24
  Dodge: Dodged            |   105 |     2 ||   107

Table legend: (Time is in decaauts)
 A = Elapsed time spent in this place.
 B = Non-inter-level travel time spent in this place.
 C = Inter-level travel time spent in this place.
 D = Time resting spent in this place.
 E = Time spent auto-exploring this place.
 F = Levels seen in this place.
 G = Mean time per level.
                   A        B        C        D        E       F      G
               +--------+--------+--------+--------+--------+-----+--------+
         Total |   1713 |   1695 |     18 |      0 |   1356 |   2 |  856.5 |
       Dungeon |   1713 |   1695 |     18 |      0 |   1356 |   2 |  856.5 |
               +--------+--------+--------+--------+--------+-----+--------+

Top non-repeatable levels by time:
     D:1: 889 daAuts
     D:2: 824 daAuts
